 Dungeon Crawl Stone Soup version 0.22.1-2-g9c5b331 (webtiles) character file.

176383 eccles the Executioner (level 17, -8/252 HPs)
             Began as a Minotaur Berserker on Nov 1, 2018.
             Was the Champion of Trog.
             Blown up by an orb spider (37 damage)
             ... with an orb of destruction
             ... on level 1 of the Spider Nest on Nov 16, 2018.
             The game lasted 02:59:08 (28718 turns).

eccles the Executioner (Minotaur Berserker)        Turns: 28718, Time: 02:59:08

Health: -8/252     AC: 21    Str: 36    XL:     17   Next: 23%
Magic:  16/16      EV: 10    Int:  4    God:    Trog [******]
Gold:   1342       SH:  2    Dex: 11    Spells: 16/16 levels left

rFire    + + .     SeeInvis +   V - +9 executioner's axe (venom)
rCold    + + .     Gourm    .   (shield currently unavailable)
rNeg     . . .     Faith    .   I - +3 plate armour {rPois}
rPois    +         Spirit   .   x - +1 hat
rElec    .         Reflect  +   i - scarf {rC+ rF+}
rCorr    .         Harm     .   X - +0 pair of gloves (curse)
MR       +....                  t - +2 pair of boots
Stlth    ..........             u - amulet "Toroz" {Reflect Str+3 SH+2 SInv}
HPRegen  0.52/turn              L - ring of protection from cold
MPRegen  0.15/turn              T - ring of protection from fire

@: berserking, lethally poisoned (-8 -> -33), very quick
A: retaliatory headbutt, horns 2, deformed body, shaggy fur 1, no potion heal 1
}: 1/15 runes: decaying
a: Berserk, Trog's Hand, Brothers in Arms, Renounce Religion


You were on level 1 of the Spider Nest.
You worshipped Trog.
Trog was exalted by your worship.
You were hungry.

You visited 5 branches of the dungeon, and saw 28 of its levels.

You collected 2593 gold pieces.
You spent 1251 gold pieces at shops.

Inventory:

Hand Weapons
 w - the +10 battleaxe "Lutot" {antimagic, Stlth+}
   (Trog gifted it to you on level 15 of the Dungeon)

   It reduces the magical energy of the wielder, and disrupts the spells and
   magical abilities of those hit.
   Natural abilities and divine invocations are not affected.
   It makes you more stealthy.
 V - a +9 executioner's axe of venom (weapon)
Missiles
 G - 8 javelins of penetration (quivered)
 O - 5 javelins of returning
Armour
 i - a scarf of resistance (worn)
 s - a +2 cloak
 t - a +2 pair of boots (worn)
 x - a +1 hat (worn)
 I - a +3 plate armour of poison resistance (worn)
 X - a cursed +0 pair of gloves (worn)
Jewellery
 a - an uncursed ring of resist corrosion
 h - an uncursed ring of protection from magic
 n - an uncursed ring of poison resistance
 u - the amulet "Toroz" (around neck) {Reflect Str+3 SH+2 SInv}
   (You bought it in a shop on level 11 of the Dungeon)

   [amulet of reflection]

   It shields you and reflects attacks.
   It affects your strength (+3).
   It lets you see invisible.
   It affects your SH (+2).
 y - an uncursed ring of flight
 D - a +3 ring of protection
 L - a ring of protection from cold (left hand)
 M - an uncursed ring of positive energy
 R - the amulet of Prescription {Harm *Drain MR+ Str+3 Dex+4}
   (You took it off an orc on level 10 of the Dungeon)

   [amulet of harm]

   It increases damage dealt and taken.
   It affects your strength (+3).
   It affects your dexterity (+4).
   It affects your resistance to hostile enchantments.
   It causes draining when unequipped.
 T - a ring of protection from fire (right hand)
Wands
 b - a wand of iceblast (22)
 d - a wand of disintegration (30)
 g - a wand of digging (22)
 F - a wand of paralysis (32)
 J - a wand of flame (32)
 K - a wand of scattershot (9)
 Z - a wand of acid (23)
Scrolls
 e - 7 scrolls of enchant weapon
 f - a scroll of summoning
 j - 13 scrolls of teleportation
 l - 12 scrolls of remove curse
 q - 4 scrolls of fear
 r - 4 scrolls of immolation
 v - 6 scrolls of magic mapping
 A - a scroll of blinking
 B - 7 scrolls of fog
 C - 3 scrolls of brand weapon
 Q - a scroll of identify
 W - 4 scrolls of holy word
Potions
 k - 4 potions of magic
 m - 3 potions of ambrosia
 o - 2 potions of might
 p - 4 potions of resistance
 z - 6 potions of flight
 H - 5 potions of haste
 N - 2 potions of agility
 S - 3 potions of curing
 U - 2 potions of cancellation
Comestibles
 c - 46 rations
 E - 2 chunks of flesh


   Skills:
 * Level 19.3 Fighting
 * Level 25.3 Axes
 + Level 1.0 Throwing
 + Level 12.9 Armour
 + Level 4.2 Dodging
 + Level 1.2 Stealth
 + Level 1.2 Unarmed Combat
 + Level 0.2 Evocations


You had 16 spell levels left.
You didn't know any spells.
Your spell library was empty.

Dungeon Overview and Level Annotations

Branches:
Dungeon (15/15)            Temple (0/1) D:5            Lair (6/6) D:8
  Swamp (4/4) Lair:4       Spider (1/4) Lair:4        Slime (0/5) Lair:5
    Orc (2/2) D:10            Elf (0/3) Orc:2        Vaults (0/5) D:13
 Depths (0/5) D:15

Altars:
Ashenzari
Fedhas
Ru
Jiyva

Shops:
D:4 [   D:11 =   Orc:1 (   Orc:2 ?([[

Annotations:
Swamp:2 exclusions: Roxanne and oklob plant, Roxanne


Innate Abilities, Weirdness & Mutations

You reflexively headbutt those who attack you in melee.
You have a pair of horns on your head.
Armour fits poorly on your strangely shaped body.
You are covered in fur. (AC +1)
Potions are less effective at restoring your health.


Message History

The emperor scorpion is almost dead.
The orb spider weaves a glowing orb of energy.
The emperor scorpion stings you!
* * * LOW HITPOINT WARNING * * *
You are lethally poisoned!
The emperor scorpion poisons you!
The emperor scorpion claws you but does no damage.
The emperor scorpion barely misses you.
An orb of destruction comes into view.
A red film seems to cover your vision as you go berserk!
You feel yourself moving faster!
You feel mighty!
You are feeling hungry.
You feel very sick. The emperor scorpion stings you!
* * * LOW HITPOINT WARNING * * *
The emperor scorpion claws you.
* * * LOW HITPOINT WARNING * * *
The emperor scorpion claws you but does no damage.
The orb of destruction hits you!
You die...

#.......#.
#..........
#.....#....
#..........
#.......?...
#≈/..........
#≈...........
#.@..........
#.§s.........
#..§.........
#^.s.........
#............
#...#...#...
#............
#............
#^...........


You could see an emperor scorpion and an orb spider.

Vanquished Creatures
  Frances (Spider:1)
  7 thorn hunters
  Donald (Orc:2)
  2 azure jellies (Swamp:4)
  An orc warlord (D:10)
  2 entropy weavers (Spider:1)
  A stone giant (D:10)
  Snorg (Lair:4)
  Josephine (Lair:4)
  The ghost of PeterLawrence the Basher, a journeyman MiFi of Okawaru (D:11)
  2 ghost crabs
  4 catoblepae
  10 hydras
  13 two-headed ogres
  6 centaur warriors
  3 ice dragons
  2 ogre magi (D:15)
  2 dancing weapons (D:13)
  9 alligators
  A tengu warrior (Swamp:4)
  6 death yaks (Lair:6)
  5 orc high priests
  A shock serpent (shapeshifter) (D:15)
  5 skeletal warriors (D:15)
  A spriggan druid (Swamp:4)
  A deep troll (D:15)
  2 unseen horrors
  3 shambling mangroves
  2 swamp dragons (Swamp:2)
  3 orc knights
  A deep elf mage (D:15)
  11 ugly things (D:15)
  3 orb spiders (Spider:1)
  An orc sorcerer (Orc:2)
  5 cyclopes
  6 wolf spiders (Spider:1)
  9 elephants
  Joseph (D:9)
  7 centaur zombies
  4 manticores
  2 torpor snails
  2 black mambas
  23 spiny frogs
  4 freezing wraiths (Swamp:4)
  A yaktaur (D:15)
  2 centaur skeletons
  3 rime drakes
  3 komodo dragons
  A demonic crawler (Spider:1)
  A rime drake (shapeshifter) (D:15)
  4 tengu conjurers
  8 tyrant leeches
  3 polar bears
  3 jumping spiders (Spider:1)
  A queen bee (D:13)
  6 trolls
  A wind drake (shapeshifter) (D:14)
  14 hornets
  A wolf spider simulacrum (D:14)
  19 slime creatures
  10 hippogriffs
  12 blink frogs
  8 bog bodies
  7 dream sheep (Lair:6)
  2 shadows
  18 redbacks
  2 wyverns
  10 spriggans
  3 tarantellas (Spider:1)
  64 yaks
  5 basilisks
  6 wraiths
  13 vampire mosquitoes
  A hungry ghost (D:11)
  8 swamp worm simulacra (Swamp:4)
  16 swamp worms
  9 insubstantial wisps
  12 water moccasins
  A soldier ant (D:15)
  12 hydra simulacra (Swamp:4)
  6 wargs
  Duvessa (D:6)
  A hornet zombie (D:12)
  9 porcupines
  30 orc warriors
  8 ice beasts
  3 sky beasts
  6 necrophages
  5 swamp drakes
  3 phantoms
  A black bear (D:9)
  13 ogres
  3 wolves
  4 boggarts (Lair:5)
  13 crocodiles
  21 centaurs
  A big kobold (D:9)
  A gnoll sergeant (D:7)
  19 bullfrogs
  A wyvern zombie (D:15)
  Dowan (D:6)
  4 scorpions
  23 killer bees
  9 wights
  6 electric eels
  4 howler monkeys
  5 crimson imps
  5 jellies
  A quasit (D:7)
  Crazy Yiuf (D:2)
  4 bullfrog zombies
  5 hounds
  41 orc priests
  3 bullfrog skeletons
  A gnoll shaman (D:4)
  2 iguanas
  40 orc wizards
  7 worker ants
  2 hound zombies
  2 hound skeletons
  2 mummies (D:11)
  3 worker ant zombies
  5 gnolls (D:4)
  14 adders
  5 shadow imps
  An ooze (D:1)
  2 adder skeletons
  2 worms
  2 dart slugs (D:1)
  5 leopard geckos
  91 orcs
  4 bats
  8 giant cockroaches
  9 goblins
  8 hobgoblins
  16 jackals
  13 kobolds
  6 quokkas
  5 ball pythons
  5 frilled lizards
  A leopard gecko skeleton (D:7)
  8 rats
  7 briar patches (Swamp:2)
  16 fungi
  10 plants
1031 creatures vanquished.

Vanquished Creatures (others)
  4 redbacks (Spider:1)
  23 fungi
  18 plants
45 creatures vanquished.

Grand Total: 1076 creatures vanquished

Notes
Turn   | Place    | Note
-------+----------+-------------------------------------------
     0 | D:1      | eccles the Minotaur Berserker began the quest for the Orb.
     0 | D:1      | Reached XP level 1. HP: 19/19 MP: 0/0
   151 | D:1      | Reached XP level 2. HP: 24/27 MP: 1/1
   155 | D:1      | Reached skill level 4 in Axes
   430 | D:1      | Reached XP level 3. HP: 33/33 MP: 2/2
   796 | D:2      | Reached ** piety under Trog
  1230 | D:2      | Reached skill level 5 in Axes
  1230 | D:2      | Reached XP level 4. HP: 19/40 MP: 3/3
  1528 | D:2      | Found a runed door.
  1532 | D:2      | Noticed Crazy Yiuf
  1539 | D:2      | Killed Crazy Yiuf
  1832 | D:3      | Reached XP level 5. HP: 35/47 MP: 4/4
  2577 | D:4      | Reached skill level 6 in Axes
  2580 | D:4      | Reached XP level 6. HP: 55/55 MP: 5/5
  2582 | D:4      | Reached *** piety under Trog
  2621 | D:4      | Found a shattered altar of Ashenzari.
  2673 | D:4      | Reached skill level 5 in Fighting
  2861 | D:4      | Reached skill level 5 in Armour
  2884 | D:4      | Found Kus Nikeu's Antique Armour Emporium.
  2906 | D:4      | Reached skill level 7 in Axes
  3011 | D:5      | Entered Level 5 of the Dungeon
  3070 | D:5      | Reached XP level 7. HP: 55/61 MP: 6/6
  3120 | D:5      | Received a gift from Trog
  3230 | D:5      | Found a staircase to the Ecumenical Temple.
  3511 | D:6      | Reached skill level 8 in Axes
  3612 | D:6      | Reached skill level 9 in Axes
  3612 | D:6      | Reached XP level 8. HP: 47/71 MP: 7/7
  3638 | D:6      | Reached **** piety under Trog
  3677 | D:6      | Noticed Dowan
  3682 | D:6      | Noticed Duvessa
  3696 | D:6      | Killed Dowan
  3708 | D:6      | Killed Duvessa
  4138 | D:6      | Found a sacrificial altar of Ru.
  4239 | D:7      | Reached skill level 10 in Axes
  4365 | D:7      | Noticed a hippogriff
  4375 | D:7      | Killed a hippogriff
  4392 | D:7      | Reached skill level 1 in Unarmed Combat
  4404 | D:7      | Reached XP level 9. HP: 71/81 MP: 8/8
  4404 | D:7      | Received a gift from Trog
  4407 | D:7      | Reached skill level 11 in Axes
  5189 | D:8      | Found a staircase to the Lair.
  5203 | D:8      | Noticed a two-headed ogre
  5210 | D:8      | Reached skill level 12 in Axes
  5219 | D:8      | Killed a two-headed ogre
  5234 | D:8      | Reached XP level 10. HP: 28/91 MP: 9/9
  5234 | D:8      | Reached skill level 13 in Axes
  5745 | D:9      | Reached skill level 10 in Fighting
  5790 | D:9      | Reached ***** piety under Trog
  6051 | D:9      | Noticed Joseph
  6068 | D:9      | Killed Joseph
  6114 | D:9      | Noticed a two-headed ogre
  6124 | D:9      | Killed a two-headed ogre
  6124 | D:9      | Reached skill level 14 in Axes
  6725 | D:10     | Entered Level 10 of the Dungeon
  6739 | D:10     | Reached XP level 11. HP: 82/101 MP: 10/10
  6760 | D:10     | Noticed a centaur warrior
  6772 | D:10     | Killed a centaur warrior
  6772 | D:10     | Reached skill level 15 in Axes
  6974 | D:10     | Received a gift from Trog
  7125 | D:10     | Found a staircase to the Orcish Mines.
  7170 | D:10     | Received a gift from Trog
  7180 | D:10     | Got a flickering sapphire amulet
  7484 | D:10     | Noticed a two-headed ogre
  7494 | D:10     | Killed a two-headed ogre
  8152 | D:11     | Reached skill level 16 in Axes
  8213 | D:11     | Killed an unseen horror
  8265 | D:11     | Noticed a centaur warrior
  8276 | D:11     | Killed a centaur warrior
  8701 | D:11     | Found Taruma's Jewellery Shop.
  8746 | D:11     | Bought the amulet "Toroz" {Reflect Str+3 SH+2 SInv} for 350
                  | gold pieces
  8746 | D:11     | Bought an uncursed ring of protection from fire for 350
                  | gold pieces
  8749 | D:11     | Identified the amulet of Prescription {Harm *Drain MR+
                  | Str+3 Dex+4} (You took it off an orc on level 10 of the
                  | Dungeon)
  8767 | D:11     | Noticed a two-headed ogre
  8769 | D:11     | Noticed a two-headed ogre
  8776 | D:11     | Killed a two-headed ogre
  8776 | D:11     | Reached XP level 12. HP: 99/112 MP: 3/11
  8779 | D:11     | Killed a two-headed ogre
  8811 | D:11     | Found a runed gate.
  8811 | D:11     | Found a runed gate.
  8811 | D:11     | Found a runed gate.
  8813 | D:11     | Noticed PeterLawrence's ghost (journeyman MiFi)
  8826 | D:11     | Killed PeterLawrence's ghost
  8826 | D:11     | Reached skill level 17 in Axes
  9018 | D:12     | Received a gift from Trog
  9158 | D:12     | Noticed a two-headed ogre
  9162 | D:12     | Reached skill level 1 in Throwing
  9171 | D:12     | Reached skill level 18 in Axes
  9176 | D:12     | Killed a two-headed ogre
  9315 | D:12     | Noticed a two-headed ogre
  9322 | D:12     | Killed a two-headed ogre
  9779 | Lair:1   | Entered Level 1 of the Lair of Beasts
 10455 | Lair:2   | Reached XP level 13. HP: 119/121 MP: 12/12
 10562 | Lair:2   | Reached skill level 19 in Axes
 11145 | Lair:3   | Reached ****** piety under Trog
 11181 | Lair:3   | Reached skill level 10 in Armour
 11426 | Lair:3   | Received a gift from Trog
 11631 | Lair:4   | Found a staircase to the Swamp.
 11963 | Lair:4   | Reached skill level 20 in Axes
 12221 | Lair:4   | Noticed Snorg
 12243 | Lair:4   | Killed Snorg
 12534 | Lair:4   | Found a hole to the Spider Nest.
 12618 | Lair:4   | Noticed Josephine
 12629 | Lair:4   | Killed Josephine
 12894 | Lair:5   | Found a viscous altar of Jiyva.
 12894 | Lair:5   | Found a staircase to the Slime Pits.
 13298 | Lair:5   | Received a gift from Trog
 13498 | Lair:6   | Entered Level 6 of the Lair of Beasts
 13516 | Lair:6   | Reached XP level 14. HP: 132/133 MP: 13/13
 13570 | Lair:6   | Reached skill level 15 in Fighting
 13676 | Lair:6   | Reached skill level 21 in Axes
 14145 | Lair:6   | Gained mutation: Armour fits poorly on your strangely
                  | shaped body. [potion of mutation]
 14145 | Lair:6   | Gained mutation: Potions are less effective at restoring
                  | your health. [potion of mutation]
 14145 | Lair:6   | Gained mutation: You are covered in fur. (AC +1) [potion of
                  | mutation]
 14610 | Orc:1    | Entered Level 1 of the Orcish Mines
 14614 | Orc:1    | Noticed an orc warlord
 14618 | Orc:1    | Received a gift from Trog
 14624 | Orc:1    | Noticed a stone giant
 14962 | D:10     | Killed an orc warlord
 15203 | D:10     | Killed a stone giant
 15567 | Orc:1    | Found Umoot's Antique Weapon Emporium.
 15580 | Orc:1    | Reached skill level 22 in Axes
 15985 | Orc:2    | Entered Level 2 of the Orcish Mines
 15995 | Orc:2    | Noticed Donald
 16514 | Orc:2    | Found a staircase to the Elven Halls.
 16538 | Orc:2    | Received a gift from Trog
 16566 | Orc:2    | HP: 10/205 [orc priest/divine providence (11)]
 16980 | Orc:2    | Reached XP level 15. HP: 108/144 MP: 14/14
 17050 | Orc:2    | Found Piuxacun's Magic Scroll Shop.
 17050 | Orc:2    | Found Hiatow's Antique Weapon Shop.
 17053 | Orc:2    | Found Jiaraq's Armour Boutique.
 17053 | Orc:2    | Found Pogiv's Antique Armour Boutique.
 17095 | Orc:2    | Bought a scroll of identify for 34 gold pieces
 17095 | Orc:2    | Bought a scroll of enchant armour for 127 gold pieces
 17095 | Orc:2    | Bought a scroll of identify for 34 gold pieces
 17095 | Orc:2    | Bought a scroll of enchant weapon for 127 gold pieces
 17095 | Orc:2    | Bought a scroll of blinking for 127 gold pieces
 17095 | Orc:2    | Bought a scroll of identify for 34 gold pieces
 17095 | Orc:2    | Bought a scroll of identify for 34 gold pieces
 17095 | Orc:2    | Bought a scroll of identify for 34 gold pieces
 17276 | Orc:2    | Killed Donald
 17288 | Orc:2    | Received a gift from Trog
 17303 | Orc:2    | Got a translucent arbalest {god gift}
 17304 | Orc:2    | Identified the +1 arbalest of Axorerisi {speed, Str+3}
                  | (Trog gifted it to you on level 2 of the Orcish Mines)
 17967 | D:13     | Found a gate to the Vaults.
 18225 | D:14     | Paralysed by fainting for 6 turns
 19028 | D:14     | Received a gift from Trog
 19456 | D:15     | Entered Level 15 of the Dungeon
 19481 | D:15     | Reached skill level 23 in Axes
 20967 | D:15     | Received a gift from Trog
 20973 | D:15     | Got a dazzling battleaxe {god gift}
 20974 | D:15     | Identified the +10 battleaxe "Lutot" {antimagic, Stlth+}
                  | (Trog gifted it to you on level 15 of the Dungeon)
 21499 | D:15     | Found a staircase to the Depths.
 21534 | D:15     | Found a blossoming altar of Fedhas.
 21565 | D:15     | Upgraded the game from 0.22.1-1-ga44c0e5 to
                  | 0.22.1-2-g9c5b331
 21743 | Swamp:1  | Entered Level 1 of the Swamp
 21833 | Swamp:1  | You fall through a shaft!
 22092 | Swamp:2  | Noticed a thorn hunter
 22104 | Swamp:2  | Reached XP level 16. HP: 96/157 MP: 15/15
 22111 | Swamp:2  | Killed a thorn hunter
 22128 | Swamp:2  | Noticed a thorn hunter
 22138 | Swamp:2  | Killed a thorn hunter
 22566 | Swamp:2  | Noticed a thorn hunter
 22579 | Swamp:2  | Killed a thorn hunter
 22642 | Swamp:2  | Noticed a thorn hunter
 22692 | Swamp:2  | Killed a thorn hunter
 22692 | Swamp:2  | Reached skill level 24 in Axes
 22976 | Swamp:1  | Received a gift from Trog
 22985 | Swamp:1  | Got a transparent broad axe {god gift}
 24133 | Swamp:2  | Noticed Roxanne
 24406 | Swamp:3  | Reached skill level 1 in Stealth
 24470 | Swamp:3  | Noticed a thorn hunter
 24479 | Swamp:3  | Killed a thorn hunter
 24722 | Swamp:3  | Identified the +4 broad axe "Desyel" {drain, *Noise rN+
                  | Str-5 Int+8} (Trog gifted it to you on level 1 of the
                  | Swamp)
 24835 | Swamp:3  | Identified a scroll of acquirement
 25113 | Swamp:4  | Entered Level 4 of the Swamp
 25135 | Swamp:4  | Received a gift from Trog
 25771 | Swamp:4  | Noticed a thorn hunter
 25781 | Swamp:3  | Killed a thorn hunter
 26284 | Swamp:4  | Noticed a thorn hunter
 26295 | Swamp:4  | Killed a thorn hunter
 27004 | Swamp:4  | Reached skill level 25 in Axes
 27583 | Swamp:4  | Reached XP level 17. HP: 128/168 MP: 16/16
 27892 | Swamp:4  | Got a decaying rune of Zot
 28053 | Spider:1 | Entered Level 1 of the Spider Nest
 28059 | Spider:1 | Received a gift from Trog
 28135 | Spider:1 | Noticed Frances
 28149 | Spider:1 | Killed Frances
 28718 | Spider:1 | Blown up by an orb spider

Skill      XL: |  1  2  3  4  5  6  7  8  9 10 11 12 13 14 15 16 17 |
---------------+----------------------------------------------------+-----
Axes           | 4 5 6 7 9 10 12 14 16 18 20 22 23 25 | 25.3
Fighting       | 4 5 6 7 9 10 12 13 14 16 17 19 | 19.3
Armour         | 3 4 5 6 8 9 10 11 12 | 12.9
Dodging        | 3 4 |  4.2
Unarmed Combat | 1 |  1.2
Throwing       | 1 |  1.0
Stealth        | 1 |  1.2
Evocations     | |  0.2

Action                   |  1- 3 |  4- 6 |  7- 9 | 10-12 | 13-15 | 16-18 || total
-------------------------+-------+-------+-------+-------+-------+-------++-------
Melee: Hand axe          |    76 |    63 |       |       |       |       ||   139
       Headbutt          |    10 |    16 |    41 |   125 |   191 |   103 ||   486
       War axe           |       |    74 |   208 |   280 |       |       ||   562
       Unarmed           |       |       |    12 |       |       |       ||    12
       Battleaxe         |       |       |       |   179 |       |       ||   179
       Executioner's axe |       |       |       |   109 |   780 |   418 ||  1307
Throw: Javelin           |       |       |       |     8 |       |       ||     8
Invok: Berserk           |       |     3 |     4 |     2 |     9 |     9 ||    27
Evoke: Wand              |       |       |       |       |     3 |     3 ||     6
  Use: Scroll            |       |     8 |     4 |    12 |    16 |     9 ||    49
       Potion            |       |       |     1 |     6 |     2 |     3 ||    12
 Stab: Confused          |       |       |       |       |     1 |       ||     1
  Eat: Chunk             |     1 |     9 |     5 |    19 |    25 |    10 ||    69
       Ration            |       |       |     1 |     1 |     7 |     5 ||    14
Armor: Animal skin       |     2 |       |       |       |       |       ||     2
       Leather armour    |     3 |       |       |       |       |       ||     3
       Chain mail        |    22 |    40 |       |       |       |       ||    62
       Plate armour      |       |    39 |   224 |   424 |   529 |   328 ||  1544
       Skin              |       |       |     1 |       |       |       ||     1
Dodge: Dodged            |    36 |    66 |   111 |   191 |   315 |   207 ||   926
Block: Other             |       |       |       |    12 |    46 |    36 ||    94
       Reflection        |       |       |       |       |     1 |       ||     1
